 Dungeon Crawl Stone Soup version 0.29.1-2-gbd0b4ee654 (webtiles) character file.

Game seed: 5090123938680392502

3091 tsaah the Carver (level 9, -1/82 HPs)
             Began as a Minotaur Berserker on Oct 28, 2022.
             Was a Priest of Trog.
             Killed from afar by an electric eel (9 damage)
             ... with a bolt of electricity
             ... on level 8 of the Dungeon.
             The game lasted 00:37:40 (5623 turns).

tsaah the Carver (Minotaur Berserker)               Turns: 5623, Time: 00:37:40

Health: -1/82      AC: 14    Str: 24 (25) XL:     9   Next: 59%
Magic:  8/8        EV:  8    Int:  2 (4)  God:    Trog [***...]
Gold:   217        SH:  0    Dex: 13      Spells: 8/8 levels left

rFire   . . .      SeeInvis .   q - +3 mace
rCold   . . .      Faith    .   (no shield)
rNeg    . . .      Spirit   .   f - +0 plate armour
rPois   .          Reflect  .   (helmet restricted)
rElec   .          Harm     .   (no cloak)
rCorr   .          Rampage  .   p - +0 pair of gloves
Will    .....                   (no boots)
Stlth   ..........              (no amulet)
HPRegen 0.23/turn               (no ring)
MPRegen 0.11/turn               (no ring)

@: no status effects
A: horns 2, retaliatory headbutt, hooves 1, thin skeletal structure 1
a: Renounce Religion, Berserk, Trog's Hand


You were on level 8 of the Dungeon.
You worshipped Trog.
Trog was most pleased with you.
You visited 1 branch of the dungeon, and saw 6 of its levels.

You collected 217 gold pieces.

Inventory:

Hand Weapons
 k - the +8 autumn katana {vorpal, manifold assault}
   (You found it on level 3 of the Dungeon)

   It sometimes launches melee attacks against multiple visible enemies.
 n - a +3 sling
 q - a +3 mace (weapon)
Missiles
 c - 39 stones (quivered)
 e - 5 atropa-tipped darts
Armour
 f - a +0 plate armour (worn)
 p - a +0 pair of gloves (worn)
Wands
 s - a wand of acid (1)
 t - a wand of flame (26)
Scrolls
 d - a scroll of fog
 g - a scroll of poison
 j - 2 scrolls of enchant armour
Potions
 a - a potion of heal wounds
 b - a potion of curing
 i - 2 potions of flight
 l - a potion of lignification
 o - a potion of might


   Skills:
 + Level 8.4 Fighting
 + Level 9.8 Long Blades
 + Level 8.1 Maces & Flails
 + Level 6.9 Armour
 + Level 3.3 Dodging
 + Level 0.7 Stealth


You had 8 spell levels left.
You didn't know any spells.
Your spell library contained the following spells:

 Spells                   Type           Power      Damage    Failure   Level
 Sublimation of Blood     Necr           0%         N/A       100%        2
 Wereblood                Tmut           0%         N/A       100%        2
 Summon Hydra             Summ           0%         N/A       100%        7


Dungeon Overview and Level Annotations

Branches:
Dungeon (8/15)             Temple (0/1) D:6
   Lair: D:8-11

Altars:
Vehumet

Shops:
D:6 (   D:8 (


Innate Abilities, Weirdness & Mutations

You have a pair of horns on your head.
You reflexively headbutt those who attack you in melee.
You have large cloven feet.
You have a somewhat thin skeletal structure. (Dex +2, Stealth+)


Message History

The bolt of electricity hits you!
The electric eel shoots out a bolt of lightning at you!
The bolt of electricity hits you!
Found Uhaesm's Weapon Shop.
The electric eel shoots out a bolt of lightning at you!
The bolt of electricity hits you!
You hit the electric eel. You kick the electric eel.
Your headbutt misses the electric eel.
The electric eel is lightly wounded.
You closely miss the electric eel. You kick the electric eel!
The electric eel is heavily wounded.
You miss the electric eel.
You kick the electric eel, but do no damage.
You headbutt the electric eel.
The electric eel is almost dead.
You hit the electric eel.
You kill the electric eel!
Trog accepts your kill.
You hear a splash.
An electric eel comes into view.
The electric eel shoots out a bolt of lightning at you!
The bolt of electricity hits you!
The electric eel shoots out a bolt of lightning at you!
The bolt of electricity hits you!
The electric eel shoots out a bolt of lightning at you!
The bolt of electricity hits you!
The electric eel shoots out a bolt of lightning at you!
The bolt of electricity hits you!
The electric eel shoots out a bolt of lightning at you!
The bolt of electricity hits you!
* * * LOW HITPOINT WARNING * * *
The electric eel shoots out a bolt of lightning at you!
The bolt of electricity hits you.
* * * LOW HITPOINT WARNING * * *
The electric eel shoots out a bolt of lightning at you!
The bolt of electricity hits you.
* * * LOW HITPOINT WARNING * * *
The electric eel shoots out a bolt of lightning at you!
The bolt of electricity hits you!
You die...

........# ≈≈≈≈≈≈≈.#
......≈.# ≈≈≈≈≈.≈.#
....≈.≈..
≈≈≈.≈.≈.############
.∩≈.≈.≈............#
.≈≈.≈.≈@..........)#####
....≈.≈............))...
≈≈≈≈≈.≈............#####
......≈........)...#
≈≈≈≈S≈≈............#
................^..#
#######............#
#.#'##########


You could see an electric eel.

Vanquished Creatures
  Joseph (D:7)
  2 steam dragons (D:7)
  An acid dragon (D:6)
  2 water moccasins
  4 ice beasts
  2 sky beasts
  2 black bears (D:6)
  4 centaurs
  A gnoll sergeant (D:8)
  A kobold brigand (D:6)
  A bullfrog (D:8)
  2 necrophages
  3 wights
  4 killer bees (D:7)
  An electric eel (D:8)
  A howler monkey (D:8)
  2 jellies
  A hound (D:6)
  4 orc priests
  2 iguanas (D:6)
  2 orc wizards
  4 gnolls (D:8)
  3 adders
  A shadow imp (D:6)
  2 dart slugs (D:1)
  14 orcs
  4 ball pythons
  2 endoplasms
  A giant cockroach (D:1)
  5 hobgoblins
  12 kobolds
  3 bats
  3 frilled lizards
  5 goblins
  7 rats
109 creatures vanquished.

Notes
Turn   | Place    | Note
-------+----------+-------------------------------------------
     0 | D:1      | tsaah the Minotaur Berserker began the quest for the Orb.
     0 | D:1      | Reached XP level 1. HP: 19/19 MP: 0/0
   385 | D:1      | Reached XP level 2. HP: 27/27 MP: 1/1
   893 | D:1      | Reached XP level 3. HP: 32/33 MP: 2/2
  1455 | D:2      | Noticed a great orb of eyes
  1459 | D:2      | Found a faded altar of an unknown god.
  1460 | D:2      | Noticed a floating eye
  1460 | D:2      | Noticed a great orb of eyes
  1460 | D:2      | Noticed an eye of devastation
  1470 | D:2      | Reached ** piety under Trog
  1943 | D:3      | Found the +8 autumn katana {vorpal, manifold assault}
  2051 | D:3      | Reached XP level 4. HP: 41/41 MP: 3/3
  2110 | D:3      | You fall into a shaft and drop 3 floors!
  2110 | D:6      | Found Otesiem's Weapon Boutique.
  2188 | D:6      | Identified the +1 robe of the Garden {Dex+2}
  2300 | D:6      | Noticed a black bear
  2304 | D:6      | Noticed an acid dragon
  2308 | D:6      | Reached skill level 1 in Long Blades
  2308 | D:6      | Reached skill level 5 in Maces & Flails
  2309 | D:6      | Killed a black bear
  2310 | D:6      | Reached skill level 5 in Fighting
  2310 | D:6      | Reached skill level 2 in Long Blades
  2310 | D:6      | Reached XP level 5. HP: 48/48 MP: 4/4
  2310 | D:6      | Noticed a centaur
  2312 | D:6      | Killed an acid dragon
  2313 | D:6      | Reached XP level 6. HP: 56/56 MP: 5/5
  2316 | D:6      | Reached skill level 3 in Long Blades
  2331 | D:6      | Noticed a sky beast
  2342 | D:6      | Killed a sky beast
  2343 | D:6      | Reached skill level 4 in Long Blades
  2343 | D:6      | Reached XP level 7. HP: 25/61 MP: 6/6
  2620 | D:6      | Found a staircase to the Ecumenical Temple.
  2663 | D:6      | Reached skill level 5 in Long Blades
  2767 | D:6      | Reached *** piety under Trog
  2768 | D:6      | Reached skill level 6 in Long Blades
  2786 | D:6      | Reached XP level 8. HP: 64/71 MP: 7/7
  3107 | D:7      | Reached skill level 7 in Long Blades
  3434 | D:7      | Noticed Joseph
  3445 | D:7      | Reached skill level 8 in Long Blades
  3452 | D:7      | Killed Joseph
  3453 | D:7      | Reached skill level 5 in Armour
  3454 | D:7      | Reached skill level 9 in Long Blades
  3462 | D:7      | Reached XP level 9. HP: 46/79 MP: 8/8
  4127 | D:7      | Found a radiant altar of Vehumet.
  4705 | D:7      | Gained mutation: You have a somewhat thin skeletal
                  | structure. (Dex +2, Stealth+) [potion of mutation]
  4705 | D:7      | Gained mutation: You have large cloven feet. [potion of
                  | mutation]
  5599 | D:8      | Found Uhaesm's Weapon Shop.
  5623 | D:8      | Killed from afar by an electric eel

Illustrated notes

Levels and vault maps discovered:
D:1:      zelgadis_glass_arrival_small, layout_loops_ring
D:2:      layout_rooms, hellmonk_ecumenical_altar_watching_god,
          kennysheep_generic_room_7
D:3:      layout_loops_corners
D:6:      layout_basic, temple_statues, serial_shops, nicolae_shop_crystal,
          nicolae_eternal_life, minmay_diced_spiral
D:7:      layout_loops_cross, mainiacjoe_overflow_alcove_4,
          kennysheep_generic_room_5, uniq_joseph
D:8:      layout_basic, nicolae_ru_awakened_eye, nicolae_inconvenience_store

Skill      XL: |  1  2  3  4  5  6  7  8  9 |
---------------+----------------------------+-----
Maces & Flails | 4 5 6 7 8 |  8.1
Fighting       | 4 5 6 7 8 |  8.4
Long Blades    | 2 4 6 9 |  9.8
Armour         | 3 4 5 6 |  6.9
Dodging        | 3 |  3.3
Stealth        | |  0.7

Action                   |  1- 3 |  4- 6 |  7- 9 || total
-------------------------+-------+-------+-------++-------
Melee: Mace              |    80 |       |   120 ||   200
       Headbutt          |    10 |     2 |    25 ||    37
       Katana            |     8 |    28 |    36 ||    72
       Punch             |       |       |     5 ||     5
       Kick              |       |       |    17 ||    17
Invok: Berserk           |     1 |     1 |     3 ||     5
  Use: Scroll            |     4 |       |     4 ||     8
       Potion            |     3 |       |     7 ||    10
Armor: Animal skin       |    12 |       |       ||    12
       Plate armour      |    12 |    18 |   130 ||   160
Dodge: Dodged            |    42 |    11 |    82 ||   135
